[Event "Titled Tuesday Blitz March 08 Early 2022"]
[White "Ezat, Mohamed"]
[Black "Fajdetic, Hrvoje"]
[WhiteFideId "10600906"]
[BlackFideId "14501945"]
[WhiteElo "2386"]
[BlackElo "2172"]
[Result "1-0"]
[Round "08"]
[TimeControl "180+1"]
[Date "2022.03.09"]
[WhiteClock "0:01:54"]
[BlackClock "0:00:01"]

1. e4 e6 2. d4 d5 3. Nc3 dxe4 4. Nxe4 Nd7 5. Nf3 Ngf6 6. Nxf6+ Nxf6 7. Bd3 c5 8. Qe2 cxd4 9. Bd2 Bc5 10. O-O-O Qc7 11. Kb1 O-O 12. g4 b5 13. g5 Nd5 14. Qe4 g6 15. h4 Bb7 16. Qg4 e5 17. h5 f5 18. gxf6 Nxf6 19. Qe6+ Qf7 20. Qxf7+ Rxf7 21. hxg6 Bxf3 22. gxf7+ Kxf7 23. Bxb5 Bxd1 24. Rxd1 Ne4 25. Ba5 Kf6 26. f3 1-0


[Site "https://www.chess.com"]

[Event "Titled Tuesday Blitz March 08 Early 2022"]
[White "Farmani Anosheh, Armin"]
[Black "De Arruda, Leandro Formes"]
[WhiteFideId "24613240"]
[BlackFideId "22722009"]
[WhiteElo "2289"]
[BlackElo "1852"]
[Result "1-0"]
[Round "08"]
[TimeControl "180+1"]
[Date "2022.03.09"]
[WhiteClock "0:00:24"]
[BlackClock "0:00:01"]

1. d4 d5 2. c4 e6 3. Nf3 Nf6 4. g3 Be7 5. Bg2 O-O 6. O-O Nbd7 7. Qc2 b6 8. Nbd2 Bb7 9. b3 Rc8 10. Bb2 c5 11. dxc5 Nxc5 12. Rad1 Qc7 13. Qb1 Rfd8 14. Qa1 Nce4 15. Nxe4 dxe4 16. Nd4 a6 17. e3 Rd7 18. Rc1 Rcd8 19. Rc2 Ng4 20. h3 Ne5 21. Nxe6 fxe6 22. Bxe5 Bd6 23. Bc3 Bf8 24. Rfc1 Rd3 25. Bf1 R3d7 26. b4 Qd6 27. a3 Qe7 28. Be5 Qg5 29. c5 bxc5 30. bxc5 Bc6 31. Bxa6 Rd5 32. Bf4 Qh5 33. Bc4 Rd1+ 34. Kh2 Qf3 35. Bf1 Rxc1 36. Rxc1 Qxf2+ 37. Bg2 Rd2 38. Rg1 Bb5 39. Qe5 Bf1 40. Qxe6+ Kh8 41. Qf7 Rd8 42. Rxf1 Qd2 43. Be5 h6 44. Qg6 1-0


[Site "https://www.chess.com"]

[Event "Titled Tuesday Blitz March 08 Early 2022"]
[White "Fedoseev, Vladimir"]
[Black "Murzin, Volodar"]
[WhiteFideId "24130737"]
[BlackFideId "44155573"]
[WhiteElo "2726"]
[BlackElo "2585"]
[Result "1-0"]
[Round "08"]
[TimeControl "180+1"]
[Date "2022.03.08"]
[WhiteClock "0:01:18"]
[BlackClock "0:00:12"]

1. e4 c6 2. Nf3 d5 3. d3 Qc7 4. Nc3 dxe4 5. Nxe4 Nf6 6. h3 Nxe4 7. dxe4 e5 8. Bc4 h6 9. Be3 Be7 10. Qd2 Nd7 11. O-O Nc5 12. Bxc5 Bxc5 13. Qc3 Bd6 14. Rad1 O-O 15. Rd3 Qe7 16. Rfd1 Bc7 17. a4 a5 18. Qb3 g6 19. c3 Kg7 20. Qc2 Be6 21. Bxe6 Qxe6 22. Rd7 Rac8 23. Kh2 Rfd8 24. Rxc7 Rxd1 25. Rxc8 Ra1 26. Ra8 Qf6 27. Qd2 Rxa4 28. b4 b6 29. Ra6 Ra1 30. Rxb6 a4 31. b5 a3 32. Rxc6 Qe7 33. Ra6 Qc5 34. Qd5 Qxf2 35. Qxe5+ Kh7 36. Ra8 1-0


[Site "https://www.chess.com"]

[Event "Titled Tuesday Blitz March 08 Early 2022"]
[White "Fiorito, Fabian"]
[Black "Nguyen, Thi Minh Oanh"]
[WhiteFideId "100200"]
[BlackFideId "12404080"]
[WhiteElo "2395"]
[BlackElo "1825"]
[Result "0-1"]
[Round "08"]
[TimeControl "180+1"]
[Date "2022.03.09"]
[WhiteClock "0:01:04"]
[BlackClock "0:00:20"]

1. d4 d5 2. Nc3 Nf6 3. Bf4 Bf5 4. f3 e6 5. g4 Bg6 6. Qd2 c5 7. Nb5 Na6 8. e3 Qb6 9. a4 Be7 10. c3 Nd7 11. h4 h5 12. g5 c4 13. Nh3 Rc8 14. Bg3 Nab8 15. Nf4 Bf5 16. g6 f6 17. Bh3 Bxh3 18. Rxh3 a6 19. Na3 Bxa3 20. Rxa3 Nf8 21. e4 dxe4 22. fxe4 Nbd7 23. Rh2 e5 24. Nd5 Qe6 25. Ne3 Nxg6 26. Nf5 Kf7 27. d5 Qb6 28. Bf2 Nc5 29. Rg2 Rhg8 30. d6 Nf4 31. Rg3 Qc6 32. Bxc5 Qxe4+ 33. Be3 Nd3+ 34. Kd1 Qxf5 35. b3 Rgd8 36. Qg2 g6 37. Rf3 Qg4 38. Qf1 e4 0-1


[Site "https://www.chess.com"]

[Event "Titled Tuesday Blitz March 08 Early 2022"]
[White "Flis, Pawel"]
[Black "Levin, Anthony"]
[WhiteFideId "1112864"]
[BlackFideId "30940680"]
[WhiteElo "1735"]
[BlackElo "1864"]
[Result "0-1"]
[Round "08"]
[TimeControl "180+1"]
[Date "2022.03.09"]
[WhiteClock "0:00:01"]
[BlackClock "0:00:04"]

1. e4 c5 2. Nf3 d6 3. d4 cxd4 4. Nxd4 Nf6 5. Nc3 a6 6. Bg5 Nbd7 7. f4 Qc7 8. Qf3 h6 9. Bh4 g5 10. fxg5 hxg5 11. Bxg5 Qc5 12. Be3 Ne5 13. Qe2 Neg4 14. Nf5 Nxe3 15. Qxe3 Qb4 16. Qd4 Qxb2 17. Nxd6+ exd6 18. Rb1 Qxc2 19. Qxf6 Rh6 20. Qd4 Be6 21. Rd1 Rc8 22. Qa4+ Qxa4 23. Nxa4 Bxa2 24. Nb6 Rc2 25. Rd2 Rc1+ 26. Rd1 Rc6 27. Nd5 Re6 28. Be2 Rc2 29. Rd2 Rc1+ 30. Rd1 Rxd1+ 31. Kxd1 Kd8 32. Bf3 Bg7 33. Kc2 Bc4 34. Rb1 Bb5 35. Nf4 Re8 36. Nh5 Be5 37. Ng3 Bxg3 38. hxg3 Rg8 39. g4 Bc6 40. Rd1 Ke7 41. Kc3 f6 42. Kc4 Ra8 43. Kb4 Rc8 44. Ka5 Rc7 45. Kb6 Rd7 46. e5 fxe5 47. Bxc6 bxc6 48. Kxc6 e4 49. Re1 d5 0-1


[Site "https://www.chess.com"]

[Event "Titled Tuesday Blitz March 08 Early 2022"]
[White "Gabdrakhmanov, Azat"]
[Black "Chernomordik, Pavel"]
[WhiteFideId "34189197"]
[BlackFideId "2804530"]
[WhiteElo "2279"]
[BlackElo "2249"]
[Result "1/2-1/2"]
[Round "08"]
[TimeControl "180+1"]
[Date "2022.03.09"]
[WhiteClock "0:00:07"]
[BlackClock "0:00:07"]

1. e4 g6 2. d4 Bg7 3. Nc3 d6 4. f4 a6 5. Nf3 b5 6. Bd3 Nd7 7. Be3 Bb7 8. Qe2 c5 9. dxc5 Nxc5 10. Bxc5 Bxc3+ 11. bxc3 dxc5 12. e5 Qc7 13. h4 e6 14. h5 Ne7 15. hxg6 fxg6 16. Ng5 Bd5 17. c4 Qa5+ 18. Qd2 Qxd2+ 19. Kxd2 bxc4 20. Be4 Kd7 21. Bxd5 Nxd5 22. g3 h5 23. Ne4 Kc6 24. Nd6 c3+ 25. Kd3 h4 26. gxh4 Nxf4+ 27. Ke4 Ng2 28. Rag1 Rxh4+ 29. Rxh4 Nxh4 30. Rg4 Nf5 31. Rxg6 Nxd6+ 32. exd6 Kxd6 33. Kd3 Rh8 34. Kxc3 Rh3+ 35. Kb2 Kd5 36. Rg8 Rh7 37. Ra8 Rb7+ 38. Kc3 Rb6 39. a4 e5 40. a5 Re6 41. Rd8+ Kc6 42. Rb8 e4 43. Rb6+ Kd5 44. Rb1 e3 45. Kd3 e2 46. c4+ Kc6 47. Rb6+ Kd7 48. Rxe6 Kxe6 49. Kxe2 Ke5 50. Ke3 Kf5 51. Kf3 Ke5 52. Ke3 Kf5 53. Kf3 Ke5 54. Ke3 1/2-1/2


[Site "https://www.chess.com"]

[Event "Titled Tuesday Blitz March 08 Early 2022"]
[White "Garriga Cazorla, Pere"]
[Black "Kobalia, Mikhail"]
[WhiteFideId "32011601"]
[BlackFideId "4119150"]
[WhiteElo "2458"]
[BlackElo "2667"]
[Result "1-0"]
[Round "08"]
[TimeControl "180+1"]
[Date "2022.03.08"]
[WhiteClock "0:01:19"]
[BlackClock "0:00:01"]

1. d4 d5 2. c4 c6 3. Nf3 Nf6 4. Nc3 e6 5. e3 a6 6. Qc2 c5 7. cxd5 exd5 8. a3 Nc6 9. dxc5 Bxc5 10. Be2 O-O 11. O-O Bg4 12. Rd1 Rc8 13. h3 Bh5 14. b4 Ba7 15. Qb3 d4 16. Nxd4 Bxd4 17. Bxh5 Nxh5 18. Bb2 Qh4 19. exd4 Nxd4 20. Qd5 Rfd8 21. Qxb7 Nf6 22. Rd3 Rb8 23. Qa7 Ra8 24. Qb7 Rab8 25. Qc7 Rbc8 26. Qg3 Qxg3 27. Rxg3 1-0


[Site "https://www.chess.com"]

[Event "Titled Tuesday Blitz March 08 Early 2022"]
[White "Garv Gaur"]
[Black "parintele_chess"]
[WhiteFideId "45030839"]
[WhiteElo "1950"]
[BlackElo "2226"]
[Result "1-0"]
[Round "08"]
[TimeControl "180+1"]
[Date "2022.03.09"]
[WhiteClock "0:02:55"]
[BlackClock "0:02:28"]

1. d4 d5 2. Nf3 Nf6 3. c4 e6 4. g3 Be7 5. Bg2 O-O 6. O-O dxc4 7. Qc2 a6 8. a4 Bd7 9. Ne5 Bc6 10. Nxc6 Nxc6 11. e3 b5 12. Bxc6 1-0


[Site "https://www.chess.com"]

[Event "Titled Tuesday Blitz March 08 Early 2022"]
[White "Goltseva, Ekaterina"]
[Black "Derraugh, Geordie"]
[WhiteFideId "24173770"]
[BlackFideId "2603950"]
[WhiteElo "2140"]
[BlackElo "2116"]
[Result "1-0"]
[Round "08"]
[TimeControl "180+1"]
[Date "2022.03.09"]
[WhiteClock "0:00:07"]
[BlackClock "0:00:04"]

1. d4 Nf6 2. c4 e5 3. dxe5 Ng4 4. Bf4 Nc6 5. Nf3 Bb4+ 6. Nc3 Qe7 7. e3 Bxc3+ 8. bxc3 Ngxe5 9. Nxe5 Nxe5 10. Be2 O-O 11. O-O d6 12. c5 dxc5 13. Qd5 Ng6 14. Bg5 Qe5 15. Qxe5 Nxe5 16. Be7 Re8 17. Bxc5 Bf5 18. Rfd1 Rad8 19. Bb5 c6 20. Be2 b6 21. Bd6 Ng6 22. Bc7 Rxd1+ 23. Rxd1 Be6 24. a4 Rc8 25. Bg3 f6 26. Ba6 Re8 27. Bb7 Bd5 28. a5 b5 29. a6 Ne5 30. f3 f5 31. Rd4 Nc4 32. e4 fxe4 33. fxe4 Rxe4 34. Rxd5 Re6 35. Rd8+ Kf7 36. Bc8 Rf6 37. Rd7+ Ke8 38. Rxa7 Nb6 39. Bb7 Kd8 40. Bf2 Nd7 41. Bg3 Nb6 42. Bf2 Nd7 43. Ra8+ Kc7 44. Bc8 Nb6 45. Bxb6+ Kxb6 46. Bb7 Rf7 47. Rc8 c5 48. Rd8 Ka7 49. Rd6 Rc7 50. Rd5 b4 51. cxb4 cxb4 52. Rb5 Rc4 53. h3 Rc1+ 54. Kh2 Rc4 55. Re5 Rd4 56. Re7 b3 57. Re3 Rb4 58. Re1 b2 59. Rb1 g5 60. Kg3 h5 61. Kf3 Rb3+ 62. Ke2 Rb5 63. Kd2 Rb4 64. Kc2 Rc4+ 65. Kxb2 Rb4+ 66. Kc2 Rc4+ 67. Kd3 Rc5 68. Re1 g4 69. hxg4 hxg4 70. Re7 Ra5 71. Rg7 g3 72. Ke2 Ra3 73. Bf3+ Kxa6 74. Rxg3 Ra2+ 75. Ke3 Kb6 76. Rg6+ Kc7 77. Rc6+ Kd7 78. Kf4 Ra4+ 79. Kg3 Ra3 80. Rf6 Ke7 81. Rf4 Ra5 82. Kg4 Ra8 83. Kh4 Rg8 84. Bh5 Rh8 85. g4 Ke6 86. g5 Ke5 87. Rf7 Rb8 88. Bg6 Rb2 89. Bd3 Rb3 90. Be2 Rb2 91. Bg4 Rh2+ 92. Bh3 Rd2 93. g6 Rd4+ 94. Kg5 Rd3 95. Bg4 Kd6 96. g7 Rd5+ 97. Kg6 Rd4 98. Bf5 Rd1 99. Rd7+ Ke5 100. Rxd1 1-0


[Site "https://www.chess.com"]

[Event "Titled Tuesday Blitz March 08 Early 2022"]
[White "Goryachkina, Aleksandra"]
[Black "Donchenko, Alexander"]
[WhiteFideId "4147103"]
[BlackFideId "24603295"]
[WhiteElo "2426"]
[BlackElo "2539"]
[Result "0-1"]
[Round "08"]
[TimeControl "180+1"]
[Date "2022.03.08"]
[WhiteClock "0:00:02"]
[BlackClock "0:00:34"]

1. e4 e5 2. Nf3 Nc6 3. d4 exd4 4. Nxd4 Nf6 5. Nxc6 bxc6 6. e5 Qe7 7. Qe2 Nd5 8. g3 g6 9. c4 Ba6 10. b3 Bg7 11. Bb2 O-O 12. Bg2 Rfe8 13. O-O Bxe5 14. Qxe5 Qxe5 15. Bxe5 Rxe5 16. cxd5 Bxf1 17. Kxf1 cxd5 18. f4 Re3 19. Bxd5 Rae8 20. Nd2 c6 21. Bg2 d5 22. Nf3 c5 23. Re1 d4 24. Kf2 Kf8 25. Rxe3 Rxe3 26. Ne5 Rc3 27. Bd5 f6 28. Nc4 Rc2+ 29. Kf3 Rxa2 30. h4 Ke7 31. Bg8 h6 32. Ke4 Rg2 33. Kf3 Rc2 34. Na5 Rc3+ 35. Kf2 Kd6 36. Nc4+ Kc6 37. Nd2 Kb5 38. Ne4 Rc2+ 39. Kf3 f5 40. Nd6+ Kb4 41. h5 Rc3+ 42. Kf2 gxh5 43. Nxf5 Rc1 44. Kf3 d3 45. Ne3 Re1 46. Kf2 d2 47. f5 Rxe3 0-1


[Site "https://www.chess.com"]

[Event "Titled Tuesday Blitz March 08 Early 2022"]
[White "Gracia Alvarez, Gerardo Antonio"]
[Black "Csonka, Balazs"]
[WhiteFideId "5109124"]
[BlackFideId "742910"]
[WhiteElo "2139"]
[BlackElo "2404"]
[Result "1/2-1/2"]
[Round "08"]
[TimeControl "180+1"]
[Date "2022.03.09"]
[WhiteClock "0:00:03"]
[BlackClock "0:00:02"]

1. e4 c5 2. Nc3 e6 3. d4 cxd4 4. Qxd4 Nc6 5. Qe3 Nf6 6. Nf3 Bb4 7. Bd2 d6 8. O-O-O O-O 9. h3 e5 10. Bd3 Be6 11. Kb1 Rc8 12. g4 Qa5 13. g5 Bxc3 14. Bxc3 Qxa2+ 15. Kc1 Nh5 16. Kd2 d5 17. Ra1 d4 18. Nxd4 exd4 19. Bxd4 Nxd4 20. Rxa2 Nxc2 21. Bxc2 Rfd8+ 22. Bd3 Bxa2 23. Rc1 Bc4 24. b3 Bxd3 25. Rxc8 Rxc8 26. Kxd3 g6 27. Qxa7 Nf4+ 28. Ke3 Nxh3 29. Qxb7 Rc3+ 30. Kd4 Rf3 31. Qb8+ Kg7 32. Qe5+ Kg8 33. b4 Nxf2 34. Qe8+ Kg7 35. Qe5+ Kg8 36. b5 Rd3+ 37. Kc4 Rd1 38. b6 Rc1+ 39. Kb5 Nd3 40. Qe8+ Kg7 41. b7 Rb1+ 42. Kc6 Nb4+ 43. Kd7 Na6 44. Kc6 Nb4+ 45. Kc5 Na6+ 46. Kc6 Nb4+ 1/2-1/2


[Site "https://www.chess.com"]

[Event "Titled Tuesday Blitz March 08 Early 2022"]
[White "Guseva, Marina"]
[Black "Dwilewicz, Katarzyna"]
[WhiteFideId "4149351"]
[BlackFideId "1148486"]
[WhiteElo "2160"]
[BlackElo "1907"]
[Result "0-1"]
[Round "08"]
[TimeControl "180+1"]
[Date "2022.03.09"]
[WhiteClock "0:00:02"]
[BlackClock "0:00:02"]

1. d4 Nf6 2. Nf3 g6 3. Bf4 Bg7 4. e3 O-O 5. Be2 c5 6. O-O Qb6 7. Nbd2 Qxb2 8. Nc4 Qc3 9. Rb1 d5 10. Rb3 Ne4 11. Rxc3 Nxc3 12. Qd2 Nxe2+ 13. Qxe2 dxc4 14. Qxc4 cxd4 15. exd4 Nd7 16. Qb3 Nb6 17. c4 Bf5 18. c5 Be6 19. Qb1 Nd5 20. Be5 b6 21. Bxg7 Kxg7 22. Rc1 bxc5 23. dxc5 Rab8 24. Qa1+ Nf6 25. Nd4 Bd5 26. h3 Rfc8 27. a3 Rc7 28. Qc3 Kg8 29. Qa5 Rbc8 30. Nb5 Rxc5 31. Rxc5 Rxc5 32. Qd8+ Kg7 33. Nxa7 Rc1+ 34. Kh2 Rc2 35. Qxe7 Rxf2 36. Kg1 Rxg2+ 37. Kf1 Ra2 38. Nc8 Be6 39. Nd6 Bxh3+ 40. Ke1 Be6 41. Nb7 h5 42. Nc5 Bc4 0-1


[Site "https://www.chess.com"]

[Event "Titled Tuesday Blitz March 08 Early 2022"]
[White "Havanecz, Bianka"]
[Black "Ardila, Oscar Humberto"]
[WhiteFideId "704814"]
[BlackFideId "4404742"]
[WhiteElo "2365"]
[BlackElo "1966"]
[Result "1-0"]
[Round "08"]
[TimeControl "180+1"]
[Date "2022.03.09"]
[WhiteClock "0:00:20"]
[BlackClock "0:00:40"]

1. d4 Nf6 2. c4 e6 3. Nc3 Bb4 4. Qc2 O-O 5. Nf3 d5 6. cxd5 Nxd5 7. e4 Nxc3 8. bxc3 Ba5 9. Bd3 c5 10. O-O cxd4 11. cxd4 Nc6 12. Bb2 Nb4 13. Qe2 Nxd3 14. Qxd3 Bd7 15. d5 exd5 16. exd5 Rc8 17. Rfc1 Qb6 18. Bd4 Qg6 19. Qa3 b6 20. Ne5 Qf5 21. Qg3 f6 22. Rxc8 Rxc8 23. Nxd7 Qxd7 24. Bxf6 Rf8 25. Be5 Bb4 26. Rf1 Bc5 27. h4 Rf5 28. Kh2 g6 29. f3 Qxd5 30. Re1 Rxe5 31. Rxe5 Bd6 32. Rxd5 Bxg3+ 33. Kxg3 1-0


[Site "https://www.chess.com"]

[Event "Titled Tuesday Blitz March 08 Early 2022"]
[White "Havas, Ladislav"]
[Black "Shuvalov, Evgenij"]
[WhiteFideId "14501090"]
[BlackFideId "4187237"]
[WhiteElo "2206"]
[BlackElo "2151"]
[Result "0-1"]
[Round "08"]
[TimeControl "180+1"]
[Date "2022.03.09"]
[WhiteClock "0:00:50"]
[BlackClock "0:00:18"]

1. d4 Nf6 2. Bg5 Ne4 3. h4 c5 4. dxc5 Qa5+ 5. Nd2 e6 6. c3 Nxg5 7. hxg5 Qxc5 8. g6 fxg6 9. Qc2 Qf5 10. e4 Qf4 11. g3 Qf6 12. Ngf3 Nc6 13. O-O-O Bc5 14. e5 Qf7 15. Ng5 Qf5 16. Rxh7 Qxc2+ 17. Kxc2 Rxh7 18. Nxh7 Bxf2 19. Ne4 Bb6 20. Nd6+ Ke7 21. Ng5 Nxe5 22. Bb5 Bc7 23. Nge4 a6 24. Be2 b5 25. a3 Rb8 26. Nxc8+ Rxc8 27. Rh1 d5 28. Nc5 Bb6 29. Nxa6 Rf8 30. Rh2 Nc4 31. Nb4 Kd6 32. Bd3 g5 33. Re2 Rf3 34. g4 Rg3 35. a4 bxa4 36. Bxc4 dxc4 37. Rd2+ Ke7 38. Nc6+ Kf6 39. Rd7 Rxg4 40. Rb7 Rg2+ 41. Kc1 Be3+ 42. Kd1 g4 43. Nd8 g3 44. Rf7+ Ke5 45. Rf3 Bf4 46. Nf7+ Ke4 47. Rf1 Rxb2 48. Nd8 Rb1+ 49. Ke2 Rxf1 50. Kxf1 Kf3 51. Nxe6 g2+ 0-1


[Site "https://www.chess.com"]

[Event "Titled Tuesday Blitz March 08 Early 2022"]
[White "Hernandez Jimenez, Alexander Andres"]
[Black "Mkrtchyan, Mariam"]
[WhiteFideId "3900452"]
[BlackFideId "13310828"]
[WhiteElo "2082"]
[BlackElo "1984"]
[Result "0-1"]
[Round "08"]
[TimeControl "180+1"]
[Date "2022.03.09"]
[WhiteClock "0:02:00"]
[BlackClock "0:02:36"]

1. e4 c6 2. d4 d5 3. exd5 cxd5 4. Bd3 Nc6 5. c3 Qc7 6. Ne2 Bg4 7. f3 Bd7 8. Bf4 e5 9. dxe5 Nxe5 10. Bc2 Nf6 11. O-O Bd6 12. Kh1 h6 13. Nd2 O-O 14. Nd4 Rfe8 15. N2b3 Nc4 16. Qc1 Bxf4 0-1


[Site "https://www.chess.com"]

[Event "Titled Tuesday Blitz March 08 Early 2022"]
[White "Hoffmann, Asa"]
[Black "Tasev, Dejan"]
[WhiteFideId "2001470"]
[BlackFideId "936618"]
[WhiteElo "2117"]
[BlackElo "2253"]
[Result "1-0"]
[Round "08"]
[TimeControl "180+1"]
[Date "2022.03.09"]
[WhiteClock "0:00:29"]
[BlackClock "0:00:21"]

1. d4 Nf6 2. Bg5 e6 3. Nd2 d5 4. e3 b6 5. c3 Bb7 6. Bd3 Nbd7 7. f4 h6 8. Bh4 g5 9. fxg5 hxg5 10. Bxg5 Be7 11. Ngf3 Ng4 12. Bxe7 Qxe7 13. Qe2 O-O-O 14. h3 Ngf6 15. O-O-O e5 16. Bf5 Kb8 17. Bxd7 Nxd7 18. Rhf1 e4 19. Nh2 a5 20. Ng4 Ka7 21. Rf4 Ba6 22. Qf2 Rh7 23. Kb1 Bd3+ 24. Ka1 a4 25. Nf1 c5 26. Ng3 cxd4 27. exd4 a3 28. Ne3 axb2+ 29. Qxb2 Qd6 30. Rg4 Nf6 31. Ngf5 Qc6 32. Rf4 Rd7 33. Rf2 Rh8 34. Qa3+ Kb7 35. Rb2 Ra8 36. Qb3 Rc7 37. Rc1 Ra5 38. g4 Rb5 39. Qa3 Rxb2 40. Qxb2 Ne8 41. h4 Nd6 42. Nxd6+ Qxd6 43. c4 dxc4 44. d5 Qf4 45. Qd4 c3 46. d6 Rd7 47. Qd5+ Kb8 48. Qd4 Rxd6 49. Qxc3 Qxe3 50. Qc7+ Ka8 51. Qc8+ Ka7 52. Rc7# 1-0


[Site "https://www.chess.com"]

[Event "Titled Tuesday Blitz March 08 Early 2022"]
[White "Horobetz, Graham"]
[Black "Kushko, Dmitriy"]
[WhiteFideId "2047322"]
[BlackFideId "14162261"]
[WhiteElo "2638"]
[BlackElo "2225"]
[Result "1/2-1/2"]
[Round "08"]
[TimeControl "180+1"]
[Date "2022.03.09"]
[WhiteClock "0:00:01"]
[BlackClock "0:00:04"]

1. e4 d6 2. d4 Nf6 3. Nc3 g6 4. h3 Bg7 5. Nf3 O-O 6. Be3 c6 7. a4 Qc7 8. Be2 e5 9. dxe5 dxe5 10. Bc4 Nh5 11. O-O Nf4 12. Re1 Be6 13. Bxe6 Nxe6 14. Qe2 Nd4 15. Qc4 Nxf3+ 16. gxf3 Nd7 17. Rad1 Rac8 18. Kg2 Rfd8 19. Rd2 Nf8 20. Red1 Ne6 21. Rxd8+ Rxd8 22. Rxd8+ Qxd8 23. Qd3 Qxd3 24. cxd3 Nf4+ 25. Bxf4 exf4 26. Kf1 a5 27. Ke2 Bd4 28. Nd1 Kf8 29. Kd2 Ke7 30. Kc2 Kd6 31. Kb3 Kc5 32. Nc3 Bxf2 33. Ne2 g5 34. Kc3 Be1+ 35. Kc2 b5 36. axb5 cxb5 37. d4+ Kd6 38. Kd3 f6 39. b3 h5 40. d5 a4 41. bxa4 bxa4 42. Kc4 Ke5 43. Nd4 a3 44. Nc6+ Kd6 45. Kb3 g4 46. hxg4 hxg4 47. Nd4 g3 48. Ne2 g2 49. Kxa3 Bf2 50. Kb3 g1=Q 51. Nxg1 Bxg1 52. Kb4 Be3 53. Kb5 Bg1 54. Kc4 Ba7 55. Kb5 Bb8 56. Kb6 Ke5 57. Kb7 Bd6 58. Kc6 Ba3 59. Kd7 Kd4 60. Ke6 Ke3 61. Kxf6 Kxf3 62. e5 Kg3 63. d6 f3 64. d7 f2 65. d8=Q f1=Q+ 66. Ke6 Qa6+ 67. Kf5 Qf1+ 68. Ke6 Bc1 69. Qg8+ Kf3 70. Qf7+ Bf4 71. Qh5+ Ke3 72. Qf5 Qa6+ 73. Kf7 Qb5 74. Kf6 Qb2 75. Ke6 Qb6+ 76. Kf7 Qd4 77. Ke6 Qxe5+ 78. Qxe5+ Bxe5 1/2-1/2


[Site "https://www.chess.com"]

[Event "Titled Tuesday Blitz March 08 Early 2022"]
[White "Ibraev, Vasilij"]
[Black "Brunner, Nicolas"]
[WhiteFideId "4175190"]
[BlackFideId "620246"]
[WhiteElo "2121"]
[BlackElo "2372"]
[Result "1/2-1/2"]
[Round "08"]
[TimeControl "180+1"]
[Date "2022.03.09"]
[WhiteClock "0:00:58"]
[BlackClock "0:00:07"]

1. c4 c5 2. Nf3 Nc6 3. Nc3 g6 4. g3 Bg7 5. Bg2 e5 6. O-O d6 7. d3 Nge7 8. Bg5 f6 9. Bd2 O-O 10. a3 a5 11. Rb1 Rb8 12. Ne1 Be6 13. Nd5 b5 14. Nxe7+ Nxe7 15. Qc2 b4 16. axb4 axb4 17. b3 Qd7 18. Nf3 Bh3 19. Ra1 Bxg2 20. Kxg2 Ra8 21. e4 f5 22. Qb2 f4 23. h3 fxg3 24. fxg3 Nc6 25. Rxa8 Rxa8 26. Ra1 Rf8 27. Be3 Bf6 28. Qe2 Be7 29. Ra4 Nd8 30. Qa2 Ne6 31. Ra8 Rxa8 32. Qxa8+ Kg7 33. Qd5 Bd8 34. Qa8 Be7 35. Nd2 Bd8 36. Qa6 Qe7 37. Nf3 Qd7 38. Qa8 Be7 1/2-1/2


[Site "https://www.chess.com"]

[Event "Titled Tuesday Blitz March 08 Early 2022"]
[White "Iskusnyh, Sergei"]
[Black "Quirke, Jeffrey"]
[WhiteFideId "4120027"]
[BlackFideId "2013029"]
[WhiteElo "2492"]
[BlackElo "2128"]
[Result "0-1"]
[Round "08"]
[TimeControl "180+1"]
[Date "2022.03.09"]
[WhiteClock "0:00:01"]
[BlackClock "0:00:02"]

1. d4 d5 2. c4 c5 3. e3 cxd4 4. exd4 Nf6 5. Nc3 Nc6 6. Nf3 Bg4 7. cxd5 Nxd5 8. Be2 e6 9. O-O Be7 10. h3 Bh5 11. Qb3 O-O 12. Rd1 Na5 13. Qa4 a6 14. Nxd5 Qxd5 15. Bd2 Nc6 16. Be3 b5 17. Qb3 Nb4 18. Qxd5 Nxd5 19. Rac1 Rfc8 20. g4 Bg6 21. Ne5 Bd6 22. Nxg6 hxg6 23. Bf3 Rab8 24. Kf1 Kf8 25. Bd2 Ke7 26. Re1 Kd7 27. Be4 Nf4 28. h4 Nd5 29. Kg2 Bf4 30. Bxf4 Nxf4+ 31. Kf3 Nd5 32. Bxd5 exd5 33. g5 Rxc1 34. Rxc1 Re8 35. Rc3 Re4 36. Rd3 Rxh4 37. Rd1 Re4 38. a3 a5 39. b4 axb4 40. axb4 f6 41. Ra1 Rxd4 42. Ra7+ Ke6 43. Rxg7 fxg5 44. Rxg6+ Kf5 45. Rd6 Rxb4 46. Rxd5+ Kf6 47. Rc5 Rb3+ 48. Kg4 Rb4+ 49. Kg3 Rb3+ 50. f3 b4 51. Rb5 Rb1 52. Kg2 b3 53. Kf2 b2 54. Kg2 Ke6 55. Rb8 Kf6 56. Rb3 Kf5 57. Rb4 Ke5 0-1


[Site "https://www.chess.com"]

[Event "Titled Tuesday Blitz March 08 Early 2022"]
[White "Ismayil, Malak"]
[Black "Pinheiro, Iung Alicio de O."]
[WhiteFideId "13412604"]
[BlackFideId "2104350"]
[WhiteElo "1879"]
[BlackElo "2548"]
[Result "0-1"]
[Round "08"]
[TimeControl "180+1"]
[Date "2022.03.09"]
[WhiteClock "0:00:01"]
[BlackClock "0:00:06"]

1. e4 c5 2. Nf3 Nc6 3. Bb5 e6 4. c3 Nge7 5. O-O a6 6. Bxc6 Nxc6 7. e5 d6 8. exd6 Bxd6 9. d4 Qc7 10. dxc5 Bxc5 11. Nbd2 O-O 12. Ne4 Be7 13. Qc2 h6 14. Be3 e5 15. Bc5 Bg4 16. Bxe7 Nxe7 17. Ned2 Ng6 18. h3 Be6 19. Rfe1 Bd5 20. Re3 b5 21. b3 Rac8 22. Rc1 Rfe8 23. c4 Ba8 24. c5 Nf4 25. b4 Bd5 26. a4 Qc6 27. axb5 axb5 28. Rce1 f6 29. Ne4 Red8 30. Qc3 Bxe4 31. Rxe4 Rd3 32. Qc1 Nxh3+ 33. Kf1 Nf4 34. Rxf4 exf4 35. Qxf4 Qd5 36. Qg4 f5 37. Qg6 Rd1 38. Kg1 Rxe1+ 39. Nxe1 Qf7 40. Qd6 Re8 41. Nf3 Qc4 42. Qd7 Qc1+ 43. Kh2 Qf4+ 44. Kg1 Qe4 45. Qxb5 Qb1+ 46. Kh2 Qe4 47. Qd7 Qf4+ 48. Kg1 Re4 49. Qd5+ Kh7 50. c6 Rxb4 51. Qc5 Rb1+ 52. Ne1 Rxe1# 0-1


[Site "https://www.chess.com"]

[Event "Titled Tuesday Blitz March 08 Early 2022"]
[White "Jaferian, Koosha"]
[Black "Yang, Kaiqi"]
[WhiteFideId "12507440"]
[BlackFideId "8604398"]
[WhiteElo "2030"]
[BlackElo "2373"]
[Result "0-1"]
[Round "08"]
[TimeControl "180+1"]
[Date "2022.03.09"]
[WhiteClock "0:00:27"]
[BlackClock "0:00:14"]

1. Nf3 Nf6 2. b3 g6 3. Bb2 Bg7 4. g3 O-O 5. d4 d6 6. Bg2 Nbd7 7. O-O e5 8. dxe5 Ng4 9. c4 Ngxe5 10. Qd2 Re8 11. Nc3 Nxf3+ 12. Bxf3 Ne5 13. Bg2 h5 14. Nd5 Be6 15. Rad1 a5 16. f4 Ng4 17. Bxg7 Kxg7 18. Qd4+ Kh7 19. e4 c5 20. Qc3 Bxd5 21. Rxd5 Nf6 22. Rd3 Nxe4 23. Bxe4 Rxe4 24. Qd2 Qe7 25. Rxd6 Re2 26. Qd3 Rxa2 27. f5 Rg8 28. fxg6+ Rxg6 29. Rd7 Qe5 30. Rfxf7+ Kh6 31. Rh7+ Kg5 32. h4+ Kg4 33. Qxg6+ Kh3 34. Rhe7 Qa1+ 0-1


[Site "https://www.chess.com"]

[Event "Titled Tuesday Blitz March 08 Early 2022"]
[White "Jakubowska, Anna"]
[Black "Omelja, Artem"]
[WhiteFideId "1121952"]
[BlackFideId "14119846"]
[WhiteElo "1924"]
[BlackElo "2382"]
[Result "1/2-1/2"]
[Round "08"]
[TimeControl "180+1"]
[Date "2022.03.09"]
[WhiteClock "0:00:16"]
[BlackClock "0:00:06"]

1. e4 c5 2. Nc3 Nc6 3. g3 g6 4. Bg2 Bg7 5. d3 d6 6. Nh3 Nf6 7. O-O O-O 8. f4 Bd7 9. f5 Rb8 10. g4 b5 11. g5 Ne8 12. Nd5 e6 13. fxe6 fxe6 14. Rxf8+ Kxf8 15. Ne3 b4 16. Nc4 Qe7 17. Bf4 Rd8 18. Qe2 Kg8 19. Rf1 e5 20. Be3 Be6 21. Nf2 Nc7 22. Ng4 Bxg4 23. Qxg4 Qd7 24. Qg3 Qe7 25. Bh3 Rf8 26. Rxf8+ Bxf8 27. Qf2 Qf7 28. Qxf7+ Kxf7 29. Bd7 Nd8 30. h4 Ke7 31. Bc8 Ne8 32. Na5 Ng7 33. Bg4 Nge6 34. c3 bxc3 35. bxc3 Bg7 36. Bxe6 Kxe6 37. Kf2 Kd7 38. Ke2 Kc7 39. Kd2 Ne6 40. Nc4 Nd8 41. Na5 Ne6 42. Nc4 Nf8 43. Na5 Nd7 44. Nc4 Bf8 45. d4 exd4 46. cxd4 cxd4 47. Bxd4 Nb6 48. Nxb6 axb6 49. a4 Kc6 50. Kd3 d5 51. exd5+ Kxd5 52. Bxb6 Bb4 53. a5 Be1 54. a6 Kc6 55. a7 Kb7 56. Be3 Bxh4 57. Ke4 Bxg5 58. Bxg5 Kxa7 59. Ke5 Kb7 60. Kf6 Kc6 61. Kg7 h5 62. Kxg6 h4 63. Bxh4 1/2-1/2


[Site "https://www.chess.com"]